 Seeded DCSS version 0.30.1-9-gdf580d7c3d (webtiles) character file.

Game seed: 7229806256980976716 (custom seed)

1641 Psyclone the Thaumaturge (level 9, 0/55 HPs)
             Began as a Djinni Necromancer on Oct 15, 2023.
             Splashed by a jelly's acid (8 damage)
             ... on level 6 of the Dungeon.
             The game lasted 00:21:31 (7129 turns).

Psyclone the Thaumaturge (Djinni Necromancer)       Turns: 7129, Time: 00:21:32

Health: 0/55       AC:  2    Str:  6    XL:     9   Next: 18%
Gold:   266        EV: 12    Int: 26    God:
                   SH:  0    Dex: 12

rFire   + + .        l - +1 morningstar (holy)
rCold   x . .        (no shield)
rNeg    . . .        a - +0 robe
rPois   ∞            (no helmet)
rElec   .            (no cloak)
rCorr   .            o - +0 pair of gloves
SInv    .            (boots unavailable)
Will    +....        (no amulet)
Stlth   ++           (no ring)
HPRegen 0.29/turn    (no ring)
MPRegen 0.00/turn

%: infuse magic (-1 HP)
@: corroded, flying, studying Spellcasting
A: sickness immunity, fire resistance 2, cold vulnerability 1, float, innate
caster, HP casting, extra vitality 1, iridescent scales 1, clever 1,
strong-willed 1, shaggy fur 1, MP-powered wands
a: no special abilities


You were on level 6 of the Dungeon.
You visited 1 branch of the dungeon, and saw 6 of its levels.
You also visited: Ossuary.

You collected 266 gold pieces.

Inventory:

Hand Weapons
 f - a +0 dagger
 l - a +1 morningstar of holy wrath (weapon)
Missiles
 i - a throwing net {!f}
Armour
 a - a +0 robe (worn)
 o - a +0 pair of gloves (worn)
Magical Staves
 u - a staff of earth
Scrolls
 b - 3 scrolls of amnesia {unknown}
 c - 2 scrolls of blinking {unknown}
 d - 8 scrolls of identify {unknown}
 h - 2 scrolls of enchant armour {unknown}
 n - 2 scrolls of poison {unknown}
 q - a scroll of brand weapon {unknown}
 r - 3 scrolls of magic mapping {unknown}
 v - 4 scrolls of vulnerability {unknown}
 x - a scroll of fog {unknown}
 y - a scroll of butterflies {unknown}
 A - 2 scrolls of silence {unknown}
 E - 2 scrolls of torment {unknown}
 F - a scroll of enchant weapon {unknown}
 G - a scroll of immolation {unknown}
Potions
 e - a potion of degeneration {unknown}
 g - a potion of lignification
 j - 2 potions of brilliance {unknown}
 k - a potion of invisibility {unknown}
 m - a potion of curing
 p - a potion of mutation
 s - 4 potions of attraction {unknown}
 t - 2 potions of cancellation {unknown}
 w - 2 potions of flight {unknown}
 z - a potion of berserk rage {unknown}
 B - a potion of ambrosia {unknown}
 C - 2 potions of might
 D - a potion of haste {unknown}


   Skills:
 - Level 2.1 Dodging
 - Level 1.5 Stealth
 + Level 12.4 Spellcasting


You knew the following spells:

 Your Spells              Type           Power      Damage    Failure   Level
a - Necrotise             Necr           100%       1d9       1%          1
b - Vampiric Draining     Necr           69%        2d10      1%          3
c - Animate Dead          Necr           69%        N/A       1%          4
d - Agony                 Necr           69%        N/A       1%          5
e - Summon Guardian Gole  Hex/Summ       69%        N/A       1%          3
f - Ensorcelled Hibernat  Hex/Ice        100%       N/A       1%          2
g - Dazzling Flash        Conj/Hex       100%       N/A       1%          3
r - Kiss of Death         Conj/Necr      100%       2d13      1%          1
Your spell library was empty.

Dungeon Overview and Level Annotations

Branches:
Dungeon (6/15) Zot: 26396  Temple (0/1) D:4         Ossuary (visited)

Altars:
Elyvilon
Qazlal
Zin
The Shining One

Annotations:
D:3 3 runed translucent doors, booth's ghost, amateur DrMo


Innate Abilities, Weirdness & Mutations

You are immune to sickness and miasma.
You are immune to poison.
Your flesh is very heat resistant. (rF++)
You are vulnerable to cold. (rC-)
You float through the air rather than walking.
You learn spells naturally, not from books.
Your magical power is your life essence.
You have superior vitality. (+4 MHP)
You are partially covered in iridescent scales. (AC +2)
Your mind is acute. (Int +4, Str/Dex -1)
You are strong-willed. (Will+)
You are covered in fur. (AC +1)
You expend health (3 HP) to strengthen your wands.


Message History

The orc priest hits your guardian golem with a +0 mace.
Flame seeps out of your guardian golem.
Your guardian golem is engulfed in blazing flames.
Your guardian golem disappears in a puff of smoke!
Your guardian golem explodes!
The fiery explosion engulfs the orc priest!!
The orc priest dies!
Casting: Summon Guardian Golem (safe; 1% risk of failure)
Confirm with . or Enter, or press ? or * to list all spells.
Aiming: Necrotise (safe; 1% risk of failure)
Press: ? - help, Shift-Dir - straight line, f - jelly
Aim: a jelly (chance to affect: 88%)
The jelly barely resists.
* * * LOW HITPOINT WARNING * * *
You take 1 damage, and have 12/55 hp.
You see here a +0 vampiric hand axe.
Casting: Necrotise (safe; 1% risk of failure)
Confirm with . or Enter, or press ? or * to list all spells.
A guardian golem appears, shielding your allies.
* * * LOW HITPOINT WARNING * * *
You take 2 damage, and have 10/55 hp.
Things that are here:
a +0 club; a +0 ring mail The jelly attacks as you move away!
The jelly hits you but does no damage.
The jelly jiggles.
The jelly attacks as you move away! The jelly hits you but does no damage.
You barely miss the jelly.
The jelly hits you but does no damage. x2
You barely miss the jelly. The jelly hits you but does no damage.
You hit the jelly. The acid corrodes you!
Your hands burn!
* * * LOW HITPOINT WARNING * * *
The jelly is moderately wounded.
The jelly closely misses you. The jelly barely misses you.
You take 1 damage, and have 12/55 hp.
You hit the jelly.
Your hands burn!
* * * LOW HITPOINT WARNING * * *
The jelly is severely wounded.
The jelly hits you.
* * * LOW HITPOINT WARNING * * *
You are splashed with acid!
You die...

#.###...###...###...##.
#.##.....##...##.....##
#.#.......#...#)......#
#.#..)....'...').[.)..#
#.#.......#..)#.......#
#.##.....##)..##)....##
#.###...###.)..##...##
#.##########.#)######
#.....@J9...)#)#
#########....#.#
####.#.# #.#.# #.#.#
#.... #.#.# #.#


You could see a jelly (ally target) and a friendly guardian golem (summoned).

Vanquished Creatures
  An orc warrior (D:6)
  A sky beast (D:6)
  2 scorpions
  A wyvern zombie (Ossuary)
  A water moccasin zombie (Ossuary)
  A howler monkey (D:6)
  2 bullfrog zombies (Ossuary)
  A jelly (D:2)
  An orc priest (D:6)
  A sleepcap (D:4)
  An orc wizard (D:6)
  2 killer bee zombies (Ossuary)
  10 mummies
  2 howler monkey zombies (Ossuary)
  8 adders
  A shadow imp (D:5)
  An ufetubus (D:3)
  3 worms
  8 orcs
  5 bats
  3 endoplasms
  6 giant cockroaches
  4 goblins
  8 hobgoblins
  19 jackals
  A kobold (D:4)
  4 quokkas
  6 ball pythons
  A frilled lizard (D:1)
  A goblin zombie (D:4)
  An orc zombie (D:4)
  4 rats
111 creatures vanquished.

Vanquished Creatures (collateral kills)
  An endoplasm (D:3)
  A jackal (D:3)
2 creatures vanquished.

Vanquished Creatures (others)
  2 hornet zombies (Ossuary)
  A wyvern zombie (Ossuary)
  A water moccasin zombie (Ossuary)
  A bullfrog zombie (Ossuary)
  2 centaur zombies (Ossuary)
  2 orc priests
  A killer bee zombie (Ossuary)
  6 mummies (Ossuary)
  2 orcs (D:5)
18 creatures vanquished.

Grand Total: 131 creatures vanquished

Notes
Turn   | Place    | Note
-------+----------+-------------------------------------------
     0 | D:1      | Psyclone the Djinni Necromancer began the quest for the
                  | Orb.
     0 | D:1      | Psyclone set off with the following spells memorised:
                  | Necrotise, Vampiric Draining, Animate Dead, Agony.
     0 | D:1      | Reached XP level 1. HP: 15/15 MP: 0/0
    48 | D:1      | Identified 3 scrolls of acquirement
    48 | D:1      | Acquired a manual of Spellcasting
    51 | D:1      | Acquired a manual of Spellcasting
    57 | D:1      | Acquired a manual of Spellcasting
   303 | D:1      | Gained mutation: You expend health (3 HP) to strengthen
                  | your wands. [potion of mutation]
   303 | D:1      | Gained mutation: You have hidden genetic potential. [potion
                  | of mutation]
   303 | D:1      | Gained mutation: Your mind is acute. (Int +4, Str/Dex -1)
                  | [potion of mutation]
   303 | D:1      | Gained mutation: You are covered in fur. (AC +1) [potion of
                  | mutation]
   387 | D:1      | Reached XP level 2. HP: 19/21 MP: 0/0
   402 | D:1      | Reached skill level 4 in Spellcasting
   406 | D:1      | Gained mutation: You are strong-willed. (Will+) [hidden
                  | potential]
   608 | D:1      | Reached XP level 3. HP: 22/25 MP: 0/0
   608 | D:1      | Learned a level 1 spell: Kiss of Death
   913 | D:1      | Gained mutation: You are partially covered in iridescent
                  | scales. (AC +2) [hidden potential]
   913 | D:1      | Lost mutation: You have hidden genetic potential. [hidden
                  | potential expressed]
  1273 | D:2      | Reached skill level 5 in Spellcasting
  1273 | D:2      | Reached XP level 4. HP: 22/28 MP: 0/0
  1704 | D:2      | Reached skill level 6 in Spellcasting
  1704 | D:2      | Reached XP level 5. HP: 34/35 MP: 0/0
  1704 | D:2      | Learned a level 2 spell: Ensorcelled Hibernation
  1946 | D:3      | Found a runed translucent gate.
  1946 | D:3      | Found a runed translucent gate.
  1946 | D:3      | Found a runed translucent gate.
  1976 | D:3      | Noticed booth's ghost (amateur DrMo)
  2036 | D:3      | Found a glowing silver altar of Zin.
  2547 | D:4      | Reached skill level 7 in Spellcasting
  2547 | D:4      | Reached XP level 6. HP: 36/40 MP: 0/0
  2562 | D:4      | Found a white marble altar of Elyvilon.
  2626 | D:4      | Found a glowing golden altar of the Shining One.
  2955 | D:4      | Found a staircase to the Ecumenical Temple.
  2969 | D:4      | Found a stormy altar of Qazlal.
  3111 | D:4      | Found a sand-covered staircase.
  3117 | Ossuary  | Entered an ossuary
  3268 | Ossuary  | Reached skill level 8 in Spellcasting
  3412 | Ossuary  | Reached XP level 7. HP: 28/45 MP: 0/0
  3412 | Ossuary  | Learned a level 3 spell: Summon Guardian Golem
  4243 | Ossuary  | Reached skill level 9 in Spellcasting
  4429 | Ossuary  | Reached XP level 8. HP: 13/50 MP: 0/0
  4439 | Ossuary  | Reached skill level 10 in Spellcasting
  5487 | Ossuary  | Reached skill level 11 in Spellcasting
  5934 | D:5      | Entered Level 5 of the Dungeon
  6884 | D:6      | Reached XP level 9. HP: 55/55 MP: 0/0
  6884 | D:6      | Learned a level 3 spell: Dazzling Flash
  6995 | D:6      | Reached skill level 12 in Spellcasting
  7129 | D:6      | Splashed by a jelly's acid

Illustrated notes

Levels and vault maps discovered:
D:1:      spicycebolla_arrival_ecumenical, layout_loops_ring
D:2:      layout_basic
D:3:      layout_rooms, mainiacjoe_overflow_paths, gammafunk_ghost_necromancy
D:4:      layout_rooms, tso_metal_star, mainiacjoe_overflow_catwalk,
          elyvilon_altar_5, minmay_temple_entry_stoned_glass,
          nicolae_ossuary_entry_giza, minmay_misc_feat_square, minivault_4
D:5:      layout_basic
D:6:      kennysheep_six_static_rooms, layout_basic, serial_shops,
          nicolae_shop_stone, serial_bayou_lagoon_b

Skill      XL: |  1  2  3  4  5  6  7  8  9 |
---------------+----------------------------+-----
Spellcasting   | 4 5 6 7 8 9 11 12 | 12.4
Dodging        | |  2.1
Stealth        | |  1.5

Action                     |  1- 3 |  4- 6 |  7- 9 || total
---------------------------+-------+-------+-------++-------
  Melee: Dagger            |     1 |     1 |       ||     2
         Morningstar       |       |    90 |   108 ||   198
         Punch             |       |     1 |     5 ||     6
   Cast: Necrotise         |    45 |    50 |    10 ||   105
         Vampiric Draining |     3 |    14 |    17 ||    34
         Kiss of Death     |     1 |       |       ||     1
         Summon Guardian G |       |       |    27 ||    27
    Use: Scroll            |     3 |       |     1 ||     4
         Potion            |     1 |     2 |     5 ||     8
   Stab: Sleeping          |       |     1 |       ||     1
 Armour: Robe              |     6 |    57 |    34 ||    97
         Skin              |       |     1 |       ||     1
  Dodge: Dodged            |    18 |   112 |   102 ||   232
